 Dungeon Crawl Stone Soup version 0.25-a0-558-g78a2afb0af (webtiles) character file.

Game seed: 5179824847828091715, levelgen mode: deterministic

100 Sele the Grave Robber (level 4, -2/24 HPs)
             Began as a Deep Elf Necromancer on Feb 25, 2020.
             Slain by a crimson imp
             ... wielding a +1 dagger of chaos
              (5 damage)
             ... on level 3 of the Dungeon.
             The game lasted 00:23:38 (3821 turns).

Sele the Grave Robber (Deep Elf Necromancer)        Turns: 3821, Time: 00:23:39

Health: -2/24      AC:  5    Str:  5    XL:     4   Next: 46%
Magic:  12/12      EV: 13    Int: 21    God:
Gold:   130        SH:  0    Dex: 17    Spells: 11/12 levels left

rFire    . . .     SeeInvis .   f - +0 short sword
rCold    . . .     Gourm    .   (no shield)
rNeg     . . .     Faith    .   a - +0 robe
rPois    .         Spirit   .   (no helmet)
rElec    .         Reflect  .   (no cloak)
rCorr    .         Harm     .   p - +0 pair of gloves
MR       .....                  (no boots)
Stlth    ++........             (no amulet)
HPRegen  0.08/turn              (no ring)
MPRegen  0.13/turn              (no ring)

@: mighty, brilliant, lethally poisoned (-2 -> -9)
A: iridescent scales 1, agile 1, subdued magic 1
a: no special abilities


You were on level 3 of the Dungeon.
You were hungry.

You visited 1 branch of the dungeon, and saw 3 of its levels.

You collected 130 gold pieces.

Inventory:

Hand Weapons
 d - a +0 dagger
 f - a +0 short sword (weapon)
Armour
 a - a +0 robe (worn)
 g - a +0 robe
 p - a +0 pair of gloves (worn)
Jewellery
 b - a cursed amulet of inaccuracy {unknown}
 s - an uncursed amulet of magic regeneration {unknown}
Scrolls
 e - a scroll of amnesia {unknown}
 h - 2 scrolls of fear {unknown}
 i - 2 scrolls of teleportation {unknown}
 k - a scroll of immolation {unknown}
 n - a scroll of remove curse {unknown}
 o - 4 scrolls of identify {unknown}
Comestibles
 c - 5 rations
 q - a chunk of flesh


   Skills:
 + Level 2.8 Dodging
 + Level 3.0 Stealth
 + Level 4.8 Spellcasting
 + Level 5.7 Necromancy


You had 11 spell levels left.
You knew the following spells:

 Your Spells              Type           Power        Failure   Level  Hunger
a - Pain                  Necr           ####         1%          1    None

Your spell library contained the following spells:

 Spells                   Type           Power        Failure   Level  Hunger
 Animate Skeleton         Necr           N/A          1%          1    None
 Vampiric Draining        Necr           ####......   2%          3    ##.....
 Animate Dead             Necr           N/A          9%          4    ###....
 Agony                    Necr           ####....     24%         5    ####...


Dungeon Overview and Level Annotations

Branches:
Dungeon (3/15)

Altars:
Makhleb
Xom

Annotations:
D:2 1 runed translucent door, Crazy Yiuf


Innate Abilities, Weirdness & Mutations

You are partially covered in iridescent scales. (AC +2)
You are agile. (Dex +2)
Your spells are a little easier to cast, but a little less powerful.


Message History

You closely miss the crimson imp.
* * * LOW HITPOINT WARNING * * *
You feel sick. The crimson imp misses you.
Casting: Pain (safe; 1% risk of failure)
Confirm with . or Enter, or press ? or * to list all spells.
You don't know that spell.
Casting: Pain (safe; 1% risk of failure)
Confirm with . or Enter, or press ? or * to list all spells.
You don't know that spell.
You puncture the crimson imp!
The crimson imp is severely wounded.
* * * LOW HITPOINT WARNING * * *
You feel sick.
The crimson imp hits you but does no damage.
You closely miss the crimson imp.
The crimson imp is severely wounded.
* * * LOW HITPOINT WARNING * * *
You feel sick.
The crimson imp hits you with a +1 dagger of chaos.
You die...

#....................#
######...÷................######
.........#.#.....##.÷###..#.....
#######..#.#####....(# #..#.####
.#.(........#_._#.##.÷###.....##
.#.####...###...#.###..........##
#.# #...###...#.# #...........#
#.# #..#.###'##.# ###........[.
##.# ##.###..#.5@## ###.#...#.#
...# #.## ##.##..# #.#####.# ####
##.###..##..# #.# .# #..#.#.##..#
#.# #####...##.##..# #.#
#÷.............# #.#
#)####.###.###.#
##.##...........#
##...#.#.###.#####


You could see a crimson imp.

Vanquished Creatures
  4 adders
  An ooze (D:3)
  3 orcs (D:3)
  9 bats
  2 giant cockroaches
  A goblin (D:2)
  7 hobgoblins
  9 jackals
  6 kobolds
  A quokka (D:3)
  A ball python (D:3)
  3 frilled lizards
  9 rats
56 creatures vanquished.

Notes
Turn   | Place    | Note
-------+----------+-------------------------------------------
     0 | D:1      | Sele the Deep Elf Necromancer began the quest for the Orb.
     0 | D:1      | Reached XP level 1. HP: 10/10 MP: 6/6
   220 | D:1      | Reached skill level 5 in Necromancy
   778 | D:1      | Reached XP level 2. HP: 15/15 MP: 6/8
  1435 | D:1      | You fall into a shaft and drop 1 floor!
  1479 | D:2      | Reached XP level 3. HP: 8/19 MP: 0/10
  1938 | D:2      | Found a runed translucent door.
  1939 | D:2      | Noticed Crazy Yiuf
  3310 | D:3      | Reached XP level 4. HP: 9/24 MP: 5/12
  3326 | D:3      | Gained mutation: Your spells are a little easier to cast,
                  | but a little less powerful. [potion of mutation]
  3326 | D:3      | Gained mutation: You are agile. (Dex +2) [potion of
                  | mutation]
  3326 | D:3      | Gained mutation: You are partially covered in iridescent
                  | scales. (AC +2) [potion of mutation]
  3776 | D:3      | Found a burning altar of Makhleb.
  3776 | D:3      | Found a shimmering altar of Xom.
  3821 | D:3      | Slain by a crimson imp

Levels and vault maps discovered:
D:1:      nzn_arrival_depleted_hourglass, layout_basic
D:2:      layout_basic, uniq_crazy_yiuf_cottage
D:3:      layout_loops_ring, grunt_temple_overflow_champion_of_chaos,
          uniq_sigmund

Skill      XL: |  1  2  3  4 |
---------------+-------------+-----
Necromancy     | 5 |  5.7
Spellcasting   | 4 |  4.8
Stealth        | 3 |  3.0
Dodging        | |  2.8

Action                   |  1- 3 |  4- 6 || total
-------------------------+-------+-------++-------
Melee: Short sword       |    35 |    28 ||    63
       Dagger            |     1 |       ||     1
 Cast: Pain              |    56 |    26 ||    82
  Use: Potion            |       |     6 ||     6
 Stab: Sleeping          |     5 |       ||     5
  Eat: Chunk             |     6 |     2 ||     8
Armor: Robe              |    12 |    10 ||    22
Dodge: Dodged            |    42 |    17 ||    59

Table legend:
 A = Non-vault XP
 B = Vault XP
 C = Vault XP percentage of total XP
 D = Non-vault monster count
 E = Vault monster count
 F = Vault count percentage of total count
                 A         B        C        D         E       F
            +---------+---------+-------+---------+---------+-------
      Total |     143 |       0 |   0.0 |      56 |       0 |   0.0
            +---------+---------+-------+---------+---------+-------
        D:1 |      26 |       0 |   0.0 |      16 |       0 |   0.0
        D:2 |      67 |       0 |   0.0 |      21 |       0 |   0.0
        D:3 |      50 |       0 |   0.0 |      19 |       0 |   0.0
            +---------+---------+-------+---------+---------+-------
